 Dungeon Crawl Stone Soup version 0.18.1-48-g4cf74bf (webtiles) character file.

15134 nikopol the Cleaver (level 12, -1/159 HPs)
             Began as a Hill Orc Berserker on Aug 9, 2016.
             Was a High Priest of Trog.
             Slain by a 14-headed hydra (8 damage)
             ... on level 4 of the Lair of Beasts.
             The game lasted 00:35:10 (14108 turns).

nikopol the Cleaver (Hill Orc Berserker)           Turns: 14108, Time: 00:35:10

Health: -1/159     AC: 20    Str: 27    XL:     12   Next: 23%
Magic:  6/12       EV: 10    Int:  7    God:    Trog [*****.]
Gold:   632        SH:  0    Dex: 13    Spells: 0 memorised, 11 levels left

rFire  . . .     SeeInvis .     a - +1 broad axe (chop)
rCold  . . .     Gourm    .     f - +0 plate armour
rNeg   . . .     Faith    .     (no shield)
rPois  .         Spirit   .     (no helmet)
rElec  .         Dismiss  .     v - +1 cloak
rCorr  +         Reflect  .     (no gloves)
SustAt .         Harm     .     y - +0 pair of boots
MR     .....                    (no amulet)
Stlth  ..........               C - +2 ring of protection
                                k - ring of resist corrosion

@: berserking, lethally poisoned (-1 -> -10), very quick, not resistant to
hostile enchantments, extremely unstealthy
A: no striking features
a: Berserk, Trog's Hand, Brothers in Arms, Burn Spellbooks, Renounce Religion


You were on level 4 of the Lair of Beasts.
You worshipped Trog.
Trog was extremely pleased with you.
You were not hungry.

You visited 2 branches of the dungeon, and saw 13 of its levels.
You also visited: Labyrinth.

You collected 729 gold pieces.
You spent 97 gold pieces at shops.

Inventory:

Hand Weapons
 a - a +1 broad axe of chopping (weapon)
 z - a +0 shortbow
 X - a +3 antimagic battleaxe
Missiles
 i - 251 arrows (quivered)
Armour
 f - a +0 plate armour (worn)
 l - a +0 chain mail
 v - a +1 cloak (worn)
 y - a +0 pair of boots (worn)
Jewellery
 k - a ring of resist corrosion (left hand)
 r - an uncursed ring of flight
 C - a +2 ring of protection (right hand)
Wands
 V - a wand of digging (11/24)
Scrolls
 b - 3 scrolls of fog
 h - 2 scrolls of recharging
 p - 3 scrolls of remove curse
 s - 7 scrolls of enchant weapon
 u - 4 scrolls of identify
 B - 2 scrolls of fear {unknown}
 D - 2 scrolls of teleportation {unknown}
 G - a scroll of silence {unknown}
 I - a scroll of random uselessness {unknown}
 N - a scroll of enchant armour {unknown}
 O - a scroll of magic mapping
 T - a scroll of brand weapon {unknown}
 U - a scroll of blinking {unknown}
Potions
 d - a potion of cancellation
 e - a potion of magic
 j - a potion of curing
 m - a potion of might
 o - 3 potions of agility
 t - 4 potions of invisibility
 x - 5 potions of heal wounds
 A - 4 potions of berserk rage
 F - a potion of haste
 H - 2 potions of beneficial mutation
 L - a potion of brilliance
 P - a potion of mutation
 Q - a potion of lignification
Comestibles
 c - 9 bread rations
 g - 2 beef jerkies
 n - 5 meat rations
 E - 7 fruits
 K - 9 slices of pizza
 R - 6 chunks of flesh


   Skills:
 + Level 10.1 Fighting
 * Level 13.4 Axes
 * Level 8.9 Bows
 + Level 9.3 Armour
 + Level 6.6 Dodging


You had 11 spell levels left.
You didn't know any spells.

Dungeon Overview and Level Annotations

Branches:
Dungeon (9/15)             Temple (0/1) D:4            Lair (4/8) D:9
  Swamp (0/4) Lair:3          Orc (0/2) D:9
  Snake: Lair:3-6    Spider: Lair:3-6

Altars:
Fedhas
Gozag
Kikubaaqudgha
Sif Muna
Trog
Xom
Zin
The Shining One

Shops:
D:6 ?


Message History

The 12-headed hydra bites you but does no damage. x3
The 12-headed hydra bites you!
* * * LOW HITPOINT WARNING * * *
The 12-headed hydra barely misses you. The 12-headed hydra closely misses you.
The 12-headed hydra bites you but does no damage.
You slice one of the 12-headed hydra's heads off!
The 11-headed hydra grows two more!
You slash the 13-headed hydra!
The 13-headed hydra is severely wounded.
You slice one of the 13-headed hydra's heads off!
The 12-headed hydra grows two more!
You slice the 14-headed hydra!!
The 14-headed hydra is almost dead.
You feel sick. The 14-headed hydra barely misses you.
The 14-headed hydra closely misses you. The 14-headed hydra bites you.
* * * LOW HITPOINT WARNING * * *
The 14-headed hydra bites you but does no damage. x6
The 14-headed hydra bites you.
* * * LOW HITPOINT WARNING * * *
The 14-headed hydra bites you but does no damage. x3
The 14-headed hydra bites you!
You die...

#P#.........###....
####..............##
...................#
####........##...$#
##.....### #...##
###..^.####....#
#.....#.#....#
##............#
........\//.D@.##
.............†..#
.................#
.#.#.....#.#..(..#
####.....#.###...#
........#. .....#
#........ . .....#
#....... . .^...#
...... ......#


You could see a 14-headed hydra.

Vanquished Creatures
  A minotaur (Lab)
  A hydra (Lair:1)
  Pikel (D:8)
  Maurice (D:9)
  2 black mambas
  4 spiny frogs
  4 komodo dragons
  Prince Ribbit (D:8)
  A wyvern (Lair:3)
  5 hippogriffs
  A basilisk (Lair:3)
  10 yaks
  Eustachio (D:6)
  Edmund (D:6)
  5 swamp worms (Lair:3)
  7 water moccasins
  8 porcupines
  3 orc warriors
  A slave (D:8)
  An ice beast (D:5)
  A sky beast (D:5)
  3 ogres
  The ghost of Bison the Shooter, an amateur CeHu (D:4)
  2 phantoms
  4 wolves (Lair:1)
  4 centaurs
  6 crocodiles
  Blork the orc (D:6)
  6 giant frogs
  2 gnoll sergeants (D:8)
  3 scorpions
  A wight (D:8)
  A troll skeleton (Lab)
  A spriggan skeleton (Lab)
  2 electric eels (Lair:3)
  A howler monkey (D:7)
  6 crimson imps
  8 hounds
  A giant frog zombie (D:7)
  A gnoll shaman (D:5)
  2 orc priests
  2 orc wizards (D:7)
  4 centaur skeletons
  A giant frog skeleton (D:9)
  10 iguanas
  7 worker ants
  7 sheep (Lair:3)
  A hound skeleton (D:5)
  A worker ant zombie (D:6)
  20 gnolls
  6 adders
  41 river rats
  5 oozes
  An adder zombie (D:5)
  4 worms
  3 dart slugs
  3 giant geckos
  22 orcs
  6 giant cockroaches
  6 goblins
  6 hobgoblins
  10 jackals
  7 kobolds
  3 quokkas
  A ball python (D:2)
  13 bats
  A giant gecko skeleton (D:4)
  A giant gecko zombie (D:5)
  5 giant newts
  6 rats
  8 fungi
  3 plants
330 creatures vanquished.

Vanquished Creatures (collateral kills)
  A hungry ghost (D:8)
  2 wights (D:8)
3 creatures vanquished.

Vanquished Creatures (others)
  A slave (D:8)
  A crimson imp (D:8)
  An orc wizard (D:8)
  A worker ant (D:8)
  5 sheep (D:4)
  An orc (D:8)
  2 fungi (Lair:1)
12 creatures vanquished.

Grand Total: 345 creatures vanquished

Notes
Turn   | Place    | Note
--------------------------------------------------------------
     0 | D:1      | nikopol the Hill Orc Berserker began the quest for the Orb.
     0 | D:1      | Reached XP level 1. HP: 19/19 MP: 1/1
   125 | D:1      | Reached XP level 2. HP: 19/27 MP: 2/2
   419 | D:1      | Reached XP level 3. HP: 33/33 MP: 3/3
   747 | D:2      | Reached ** piety under Trog
  1047 | D:2      | Reached XP level 4. HP: 40/40 MP: 4/4
  1147 | D:2      | Reached skill level 5 in Axes
  2075 | D:3      | Found a glowing silver altar of Zin.
  2220 | D:4      | Reached XP level 5. HP: 46/46 MP: 5/5
  2220 | D:4      | Reached *** piety under Trog
  2243 | D:4      | Found a staircase to the Ecumenical Temple.
  2342 | D:4      | Noticed an ogre
  2352 | D:4      | Killed an ogre
  2352 | D:4      | Reached XP level 6. HP: 53/53 MP: 6/6
  2380 | D:4      | Noticed Bison's ghost (amateur CeHu)
  2389 | D:4      | Killed Bison's ghost
  2389 | D:4      | Reached skill level 5 in Fighting
  2389 | D:4      | Reached skill level 6 in Axes
  2546 | D:4      | Found a shimmering altar of Xom.
  2662 | D:4      | Found a deep blue altar of Sif Muna.
  2840 | D:5      | Entered Level 5 of the Dungeon
  2845 | D:5      | Reached XP level 7. HP: 61/61 MP: 7/7
  2864 | D:5      | Reached skill level 5 in Armour
  3231 | D:5      | Reached skill level 7 in Axes
  3231 | D:5      | Reached XP level 8. HP: 47/70 MP: 8/8
  3257 | D:5      | Found a glowing golden altar of the Shining One.
  3257 | D:5      | Found a bloodstained altar of Trog.
  3380 | D:5      | Reached skill level 1 in Bows
  4225 | D:6      | Reached skill level 8 in Axes
  4229 | D:6      | Reached **** piety under Trog
  4429 | D:6      | Noticed Blork the orc
  4434 | D:6      | Noticed Eustachio
  4560 | D:6      | Killed Blork the orc
  4609 | D:6      | Killed Eustachio
  4694 | D:6      | Reached XP level 9. HP: 38/78 MP: 9/9
  5304 | D:6      | Noticed Edmund
  5320 | D:6      | Killed Edmund
  5320 | D:6      | Reached skill level 9 in Axes
  5533 | D:6      | Found Woneloto's Magic Scroll Emporium.
  5541 | D:6      | Bought a scroll of enchant weapon for 97 gold pieces
  6546 | D:8      | Noticed Prince Ribbit
  6555 | D:8      | Killed Prince Ribbit
  6696 | D:8      | Noticed Pikel
  6729 | D:8      | Reached skill level 10 in Axes
  6733 | D:8      | Killed Pikel
  6733 | D:8      | Reached skill level 5 in Bows
  6733 | D:8      | Reached XP level 10. HP: 86/86 MP: 10/10
  6907 | D:8      | Found a blossoming altar of Fedhas.
  7004 | D:8      | Reached ***** piety under Trog
  7018 | D:8      | Reached skill level 5 in Dodging
  7293 | D:8      | Found an opulent altar of Gozag.
  7572 | D:8      | Found an ancient bone altar of Kikubaaqudgha.
  7744 | D:9      | Found a staircase to the Lair.
  7756 | D:9      | Received a gift from Trog
  8076 | D:9      | Noticed Maurice
  8148 | D:9      | Killed Maurice
  8148 | D:9      | Reached skill level 11 in Axes
  8448 | D:9      | Found a staircase to the Orcish Mines.
  8774 | Lair:1   | Entered Level 1 of the Lair of Beasts
  8849 | Lair:1   | Found a labyrinth entrance.
  8884 | Lab      | Entered a labyrinth
  9083 | Lab      | Noticed a minotaur
  9094 | Lab      | Killed a minotaur
  9606 | Lair:1   | Reached XP level 11. HP: 41/95 MP: 11/11
  9894 | Lair:1   | Reached skill level 12 in Axes
 10111 | Lair:1   | Received a gift from Trog
 10435 | Lair:1   | Noticed a seven-headed hydra
 10446 | Lair:1   | Killed a ten-headed hydra
 11089 | Lair:2   | Received a gift from Trog
 12347 | Lair:3   | Received a gift from Trog
 12511 | Lair:3   | Reached skill level 13 in Axes
 12726 | Lair:3   | Found a staircase to the Swamp.
 13339 | Lair:3   | Reached XP level 12. HP: 87/106 MP: 12/12
 13504 | Lair:3   | Reached skill level 10 in Fighting
 14050 | Lair:4   | Received a gift from Trog
 14094 | Lair:4   | Noticed a six-headed hydra
 14108 | Lair:4   | HP: 7/159 [14-headed hydra (2)]
 14108 | Lair:4   | Slain by a 14-headed hydra

Skill      XL: |  1  2  3  4  5  6  7  8  9 10 11 12 |
---------------+-------------------------------------+-----
Armour         | 3 4 5 6 7 8 9 |  9.3
Fighting       | 4 5 6 7 8 9 10 | 10.1
Dodging        | 2 3 4 5 6 |  6.6
Axes           | 5 6 7 8 10 11 13 | 13.4
Bows           | 3 5 6 8 |  8.9

Action                   |  1- 3 |  4- 6 |  7- 9 | 10-12 || total
-------------------------+-------+-------+-------+-------++-------
Melee: Hand axe          |    89 |   191 |   247 |       ||   527
       War axe           |       |       |    79 |    25 ||   104
       Broad axe         |       |       |       |   464 ||   464
 Fire: Shortbow          |       |       |   211 |   328 ||   539
Invok: Berserk           |     1 |     3 |     7 |     7 ||    18
       Burn Spellbooks   |       |       |       |     3 ||     3
       Brothers in Arms  |       |       |       |     1 ||     1
  Use: Scroll            |       |       |       |    20 ||    20
  Eat: Chunk             |     1 |     7 |    20 |    30 ||    58
       Beef jerky        |       |     1 |       |     1 ||     2
       Pizza             |       |       |       |     1 ||     1
Armor: Animal skin       |     3 |       |       |       ||     3
       Leather armour    |     8 |       |       |       ||     8
       Chain mail        |    35 |   111 |   204 |    64 ||   414
       Plate armour      |       |       |       |   340 ||   340
Dodge: Dodged            |    50 |    86 |   178 |   307 ||   621
